 Dungeon Crawl Stone Soup version 0.20.1-1-g8b1a95d (webtiles) character file.

13596 beigtais the Thaumaturge (level 11, 0/60 HPs)
             Began as a Deep Elf Conjurer on Sept 12, 2017.
             Slain by an orc warrior
             ... wielding a +2 scimitar of slicing
              (5 damage)
             ... while paralysed by an orc sorcerer
             ... on level 1 of the Orcish Mines on Sept 14, 2017.
             The game lasted 01:44:54 (16389 turns).

beigtais the Thaumaturge (Deep Elf Conjurer)       Turns: 16389, Time: 01:44:55

Health: 0/60       AC: 10    Str:  7    XL:     11   Next: 77%
Magic:  7/30       EV:  2    Int: 24    God:
Gold:   593        SH:  0    Dex: 15    Spells: 9/36 levels left

rFire    . . .     SeeInvis .   C - +3 quarterstaff (chaos)
rCold    + . .     Gourm    .   (shield currently unavailable)
rNeg     + . .     Faith    .   J - +2 robe {rN+}
rPois    .         Spirit   .   (no helmet)
rElec    .         Reflect  .   H - +2 cloak
rCorr    .         Harm     .   (no gloves)
MR       +....     Rnd*Tele +   m - +0 pair of boots
Stlth    +++.......             (no amulet)
Regen    0.2/turn               i - ring of protection from cold
MPRegen  0.3/turn               y - ring of wizardry

@: paralysed, drained
A: hooves 1, slimy green scales 1, mutation resistance 1, strong 1, teleportitis
1
a: no special abilities


You were on level 1 of the Orcish Mines.
You were not hungry.

You visited 3 branches of the dungeon, and saw 13 of its levels.

You collected 593 gold pieces.

Inventory:

Hand Weapons
 C - a +3 quarterstaff of chaos (weapon)
Missiles
 g - 12 needles of confusion
 q - 245 stones
 r - 7 javelins (quivered)
Armour
 m - a +0 pair of boots (worn)
 H - a +2 cloak (worn)
 J - a +2 robe of positive energy (worn)
 O - a +1 robe of the Archmagi
Magical Staves
 n - an uncursed staff of wizardry
Jewellery
 f - an uncursed ring of fire
 i - a ring of protection from cold (left hand)
 y - a ring of wizardry (right hand)
 G - an uncursed ring of protection from cold
Wands
 j - a wand of polymorph (17/24)
 u - a wand of polymorph (19/24)
 v - a wand of polymorph (12/24)
 x - a wand of flame (10/48)
 K - a wand of disintegration (6/24)
 M - a wand of random effects (21/48)
Scrolls
 d - 7 scrolls of remove curse
 k - 4 scrolls of fear
 l - 2 scrolls of amnesia
 s - a scroll of teleportation
 w - 2 scrolls of magic mapping
 B - a scroll of summoning
 E - a scroll of recharging {unknown}
 F - 2 scrolls of blinking
 I - 3 scrolls of enchant armour
Potions
 a - a potion of flight
 h - a potion of resistance
 t - 3 potions of heal wounds
 z - a potion of haste
 A - 6 potions of curing
 D - 2 potions of lignification
 L - a potion of cancellation
Books
 b - a book of Conjurations

   Spells                             Type                      Level
   a - Magic Dart                     Conjuration                  1
   b - Searing Ray                    Conjuration                  2
   c - Dazzling Spray                 Conjuration/Hexes            3
   d - Fulminant Prism                Conjuration/Hexes            4
   e - Force Lance                    Conjuration/Translocation    4
   f - Iskenderun's Mystic Blast      Conjuration                  4
 e - a Young Poisoner's Handbook

   Spells                             Type                      Level
   a - Sting                          Conjuration/Poison           1
   b - Poisonous Vapours              Poison/Air                   2
   c - Mephitic Cloud                 Conjuration/Poison/Air       3
   d - Olgreb's Toxic Radiance        Poison                       4
   e - Venom Bolt                     Conjuration/Poison           5
 p - a book of Air

   Spells                             Type                      Level
   a - Shock                          Conjuration/Air              1
   b - Swiftness                      Charms/Air                   2
   c - Static Discharge               Conjuration/Air              3
   d - Airstrike                      Air                          4
   e - Lightning Bolt                 Conjuration/Air              5
 N - a book of Debilitation

   Spells                             Type                      Level
   a - Corona                         Hexes                        1
   b - Slow                           Hexes                        2
   c - Inner Flame                    Hexes/Fire                   3
   d - Portal Projectile              Hexes/Translocation          3
   e - Cause Fear                     Hexes                        4
   f - Leda's Liquefaction            Hexes/Earth                  4
Comestibles
 c - 5 bread rations
 o - 6 royal jellies


   Skills:
 + Level 3.6(3.3) Fighting
 * Level 6.4(6.0) Staves
 * Level 3.1(2.7) Throwing
 * Level 9.1(8.6) Dodging
 * Level 7.0(6.6) Stealth
 + Level 13.0(12.5) Spellcasting
 + Level 11.3(10.9) Conjurations
 + Level 5.1(4.7) Hexes
 + Level 0.9(0.6) Translocations
   Level 3.1(2.8) Fire Magic
   Level 3.2(2.8) Ice Magic
 + Level 3.0(2.6) Air Magic
 + Level 0.4(0.1) Poison Magic
 + Level 0.4(0.1) Evocations


You had 9 spell levels left.
You knew the following spells:

 Your Spells              Type           Power        Failure   Level  Hunger
a - Lightning Bolt        Conj/Air       #####.....   2%          5    ###....
b - Searing Ray           Conj           ######       1%          2    None
c - Fulminant Prism       Conj/Hex       ######....   1%          4    None
d - Iskenderun's Mystic   Conj           ######..     1%          4    None
e - Force Lance           Conj/Tloc      #####...     1%          4    None
f - Venom Bolt            Conj/Pois      #####.....   4%          5    ###....
g - Mephitic Cloud        Conj/Pois/Air  #####...     1%          3    None


Dungeon Overview and Level Annotations

Branches:
Dungeon (11/15)            Temple (1/1) D:6            Lair (0/6) D:11
    Orc (1/2) D:11

Altars:
Ashenzari
Cheibriados
Dithmenos
Elyvilon
Fedhas
Gozag
Hepliaklqana
Kikubaaqudgha
Makhleb
Nemelex Xobeh
Okawaru
Qazlal
Ru
Sif Muna
Trog
Uskayaw
Vehumet
Xom
Yredelemnul
Zin
The Shining One
Beogh

Shops:
D:4 !   D:8 }


Innate Abilities, Weirdness & Mutations

You have large cloven feet.
You are partially covered in slimy green scales. (AC +2)
You are somewhat resistant to further mutation.
Your muscles are strong. (Str +2)
You are occasionally teleported next to monsters.


Message History

An orc wizard comes into view. It is wielding a dagger.
The orc shouts!
The orc warrior throws a tomahawk.
The tomahawk misses you.
The orc sorcerer points at you and mumbles some strange words.
The bolt of negative energy hits you! You partially resist.
You feel drained.
* * * LOW HITPOINT WARNING * * *
You see here a tomahawk.
The orc wizard shouts!
The orc seems to regain its courage.
The orc warrior barely misses you.
The orc sorcerer points at you and mumbles some strange words.
You suddenly lose the ability to move!
The orc wizard gestures wildly while chanting.
The orc wizard flickers and vanishes!
Deactivating autopickup; reactivate with Ctrl-A.
The orc warrior hits you with a scimitar of slicing!
* * * LOW HITPOINT WARNING * * *
x2 The orc warrior throws a tomahawk.
The tomahawk hits you.
* * * LOW HITPOINT WARNING * * *
The orc warrior hits you with a scimitar of slicing.
You die...

. #### ...##..####
#......(#.## #
#........(..# #.#
...$...o$..## ...
............# ..
...o...ooo..##.#.#
..>....)#..o@...#
.$.#...oo.)o##.#....
.###o..).o## # .
......#O## .........
......... ..........
..$......#
........##


You could see an orc sorcerer, 3 orc warriors, an ogre and 6 orcs.

Vanquished Creatures
  Josephine (D:10)
  6 two-headed ogres
  The ghost of Nachka the Ruffian, an amateur TrFi of Ashenzari (D:4)
  Grinder (D:5)
  A wyvern (D:11)
  3 wraiths (D:10)
  9 yaks
  Eustachio (D:4)
  Edmund (D:4)
  Duvessa (D:5)
  8 orc warriors
  4 ice beasts
  6 sky beasts
  An eye of draining (D:9)
  A black bear (D:3)
  4 ogres
  2 centaurs
  6 bullfrogs
  2 wyvern skeletons (D:10)
  A scorpion (D:10)
  Dowan (D:5)
  4 killer bees (D:10)
  10 wights
  4 crimson imps
  A quasit (D:6)
  2 centaur skeletons (D:11)
  7 hounds
  6 jellies
  13 orc wizards
  Crazy Yiuf (D:6)
  2 bullfrog skeletons
  6 orc priests
  7 iguanas
  Natasha (thrice) (D:4)
  3 worker ants
  A hound zombie (D:6)
  3 worker ant zombies
  A howler monkey zombie (D:5)
  3 gnolls (D:5)
  9 adders
  A shadow imp (D:3)
  3 oozes
  An adder skeleton (D:8)
  2 worms
  2 dart slugs
  3 leopard geckos
  37 orcs
  5 bats
  7 giant cockroaches
  9 goblins
  8 hobgoblins
  13 jackals
  5 kobolds
  9 quokkas
  16 frilled lizards
  11 rats
279 creatures vanquished.

Vanquished Creatures (others)
  An orc warrior (D:9)
  84 fulminant prisms
85 creatures vanquished.

Grand Total: 364 creatures vanquished

Notes
Turn   | Place    | Note
-------+----------+-------------------------------------------
     0 | D:1      | beigtais the Deep Elf Conjurer began the quest for the Orb.
     0 | D:1      | Reached XP level 1. HP: 10/10 MP: 6/6
     1 | D:1      | Found a runed door.
   288 | D:1      | Reached XP level 2. HP: 15/15 MP: 6/8
   301 | D:1      | Learned a level 2 spell: Searing Ray
   824 | D:1      | Reached skill level 5 in Conjurations
  1048 | D:1      | Reached XP level 3. HP: 11/19 MP: 0/9
  1590 | D:2      | Found a bloodstained altar of Trog.
  1789 | D:2      | Reached XP level 4. HP: 24/24 MP: 3/11
  1854 | D:2      | Learned a level 4 spell: Fulminant Prism
  2368 | D:2      | Gained mutation: You are somewhat resistant to further mutation. [potion of mutation]
  2535 | D:3      | Reached skill level 4 in Spellcasting
  2569 | D:3      | Noticed a black bear
  2579 | D:3      | Killed a black bear
  2579 | D:3      | Reached XP level 5. HP: 16/28 MP: 7/14
  2585 | D:3      | Learned a level 4 spell: Iskenderun's Mystic Blast
  2840 | D:3      | Reached skill level 5 in Spellcasting
  2947 | D:3      | Lost mutation: You are somewhat resistant to further mutation. [potion of mutation]
  2947 | D:3      | Gained mutation: Your flesh is heat resistant. (rF+) [potion of mutation]
  2947 | D:3      | Gained mutation: Your magical capacity is low. (-10% MP) [potion of mutation]
  2947 | D:3      | Gained mutation: You are clumsy. (Dex -2) [potion of mutation]
  2947 | D:3      | Gained mutation: You are partially covered in yellow scales. (AC +2) [potion of mutation]
  3769 | D:4      | Found a shadowy altar of Dithmenos.
  3811 | D:4      | Noticed Nachka's ghost (amateur TrFi)
  3849 | D:4      | Killed Nachka's ghost
  3849 | D:4      | Reached skill level 1 in Staves
  3849 | D:4      | Reached skill level 6 in Spellcasting
  3849 | D:4      | Reached XP level 6. HP: 32/32 MP: 2/15
  3948 | D:4      | Learned a level 4 spell: Force Lance
  3975 | D:4      | Found Ijautoargh's Distillery.
  3978 | D:4      | Noticed Natasha
  3985 | D:4      | Killed Natasha
  3985 | D:4      | Reached XP level 7. HP: 36/36 MP: 8/16
  4052 | D:4      | Noticed Eustachio
  4163 | D:4      | Noticed Natasha
  4169 | D:4      | Killed Natasha
  4266 | D:4      | Noticed Natasha
  4271 | D:4      | Killed Natasha
  4435 | D:4      | Noticed Edmund
  4784 | D:4      | Found an opulent altar of Gozag.
  5237 | D:4      | Killed Eustachio
  5237 | D:4      | Reached skill level 1 in Hexes
  5610 | D:5      | Entered Level 5 of the Dungeon
  5900 | D:5      | Reached skill level 7 in Spellcasting
  5971 | D:5      | Reached skill level 9 in Spellcasting
  5971 | D:5      | Reached XP level 8. HP: 46/46 MP: 18/21
  5976 | D:5      | Noticed Dowan
  5982 | D:5      | Noticed Duvessa
  6002 | D:5      | Killed Dowan
  6002 | D:5      | Reached skill level 1 in Throwing
  6357 | D:4      | Killed Edmund
  6357 | D:4      | Reached XP level 9. HP: 51/51 MP: 6/22
  6588 | D:5      | Killed Duvessa
  6754 | D:5      | Noticed Grinder
  6756 | D:5      | Killed Grinder
  6756 | D:5      | Reached skill level 5 in Staves
  7199 | D:6      | Noticed a two-headed ogre
  7205 | D:6      | Killed a two-headed ogre
  7205 | D:6      | Reached skill level 5 in Stealth
  7205 | D:6      | Reached skill level 10 in Spellcasting
  7589 | D:6      | Found a staircase to the Ecumenical Temple.
  7595 | Temple   | Entered the Ecumenical Temple
  8420 | D:6      | Learned a level 5 spell: Lightning Bolt
  8422 | D:6      | Found an iron altar of Okawaru.
  9360 | D:6      | Found a runed door.
  9364 | D:6      | Noticed Crazy Yiuf
  9374 | D:6      | Killed Crazy Yiuf
  9481 | D:7      | Reached XP level 10. HP: 56/56 MP: 13/24
 10176 | D:7      | You fall through a shaft for 3 floors!
 10176 | D:10     | Entered Level 10 of the Dungeon
 10709 | D:10     | Noticed Josephine
 10879 | D:10     | Reached skill level 11 in Spellcasting
 11032 | D:9      | Noticed a two-headed ogre
 11155 | D:9      | Reached skill level 10 in Conjurations
 11194 | D:8      | Lost mutation: Your magical capacity is low. (-10% MP) [potion of mutation]
 11194 | D:8      | Lost mutation: You are clumsy. (Dex -2) [potion of mutation]
 11194 | D:8      | Lost mutation: You are partially covered in yellow scales. (AC +2) [potion of mutation]
 11194 | D:8      | Lost mutation: Your flesh is heat resistant. (rF+) [potion of mutation]
 11194 | D:8      | Gained mutation: You are partially covered in thin metallic scales. (AC +2) [potion of mutation]
 11194 | D:8      | Gained mutation: You are agile. (Dex +2) [potion of mutation]
 11688 | D:8      | Noticed a two-headed ogre
 11693 | D:8      | Killed a two-headed ogre
 11849 | D:8      | Gained mutation: Your muscles are strong. (Str +2) [mutagenic meat]
 11850 | D:8      | Gained mutation: You are occasionally teleported next to monsters. [mutagenic meat]
 11851 | D:8      | Gained mutation: Scrolls take you a little longer to read. [mutagenic meat]
 11852 | D:8      | Gained mutation: You are robust. (+10% HP) [mutagenic meat]
 11853 | D:8      | Lost mutation: You are robust. (+10% HP) [mutagenic meat]
 11854 | D:8      | Gained mutation: You have sharp toenails. [mutagenic meat]
 11980 | D:8      | Found a sacrificial altar of Ru.
 12032 | D:8      | Found a radiant altar of Vehumet.
 12047 | D:8      | Found Nuahe's Gadget Boutique.
 12344 | D:8      | Noticed a two-headed ogre
 12349 | D:8      | Killed a two-headed ogre
 12497 | D:8      | Found a snail-covered altar of Cheibriados.
 12498 | D:8      | Found a sparkling altar of Nemelex Xobeh.
 12545 | D:9      | Lost mutation: You are agile. (Dex +2) [mutagenic meat]
 12546 | D:9      | Gained mutation: Your magical capacity is low. (-10% MP) [mutagenic meat]
 12547 | D:9      | Gained mutation: You tend to lose your temper in combat. [mutagenic meat]
 12770 | D:9      | Found a basalt altar of Yredelemnul.
 12942 | D:9      | Noticed a two-headed ogre
 12945 | D:9      | Killed a two-headed ogre
 12945 | D:9      | Reached skill level 12 in Spellcasting
 12945 | D:9      | Reached XP level 11. HP: 60/60 MP: 2/26
 13312 | D:9      | Killed a two-headed ogre
 13678 | D:9      | Reached skill level 5 in Hexes
 14142 | D:10     | Killed Josephine
 14305 | D:10     | Learned a level 5 spell: Venom Bolt
 15185 | D:11     | Found a staircase to the Lair.
 15357 | D:11     | Found a staircase to the Orcish Mines.
 15382 | D:11     | Lost mutation: Scrolls take you a little longer to read. [potion of mutation]
 15382 | D:11     | Lost mutation: You tend to lose your temper in combat. [potion of mutation]
 15382 | D:11     | Lost mutation: You are partially covered in thin metallic scales. (AC +2) [potion of mutation]
 15382 | D:11     | Lost mutation: You have sharp toenails. [potion of mutation]
 15382 | D:11     | Lost mutation: Your magical capacity is low. (-10% MP) [potion of mutation]
 15382 | D:11     | Gained mutation: You have large cloven feet. [potion of mutation]
 15382 | D:11     | Gained mutation: You are partially covered in slimy green scales. (AC +2) [potion of mutation]
 15382 | D:11     | Gained mutation: You are somewhat resistant to further mutation. [potion of mutation]
 15729 | D:11     | Found a roughly hewn altar of Beogh.
 16082 | D:11     | Learned a level 3 spell: Mephitic Cloud
 16138 | Orc:1    | Entered Level 1 of the Orcish Mines
 16155 | Orc:1    | Noticed a two-headed ogre
 16329 | Orc:1    | Killed a two-headed ogre
 16329 | Orc:1    | Reached skill level 13 in Spellcasting
 16369 | Orc:1    | Noticed an orc sorcerer
 16373 | Orc:1    | Paralysed by an orc sorcerer for 2 turns
 16387 | Orc:1    | Paralysed by an orc sorcerer for 5 turns
 16389 | Orc:1    | Slain by an orc warrior

Skill      XL: |  1  2  3  4  5  6  7  8  9 10 11 |
---------------+----------------------------------+-----
Conjurations   | 5 6 9 10 11 | 11.3
Dodging        | 3 6 7 8 9 |  9.1
Spellcasting   | 4 6 9 10 12 13 | 13.0
Stealth        | 3 4 5 7 |  7.0
Staves         | 1 4 5 6 |  6.4
Hexes          | 4 5 |  5.1
Fighting       | 3 |  3.6
Fire Magic     | 3 |  3.1
Ice Magic      | 3 |  3.2
Air Magic      | 3 |  3.0
Throwing       | 1 2 3 |  3.1
Translocations | |  0.9
Poison Magic   | |  0.4
Evocations     | |  0.4

Action                   |  1- 3 |  4- 6 |  7- 9 | 10-12 || total
-------------------------+-------+-------+-------+-------++-------
Melee: Short sword       |     3 |       |       |       ||     3
       Staff             |       |       |     1 |       ||     1
       Quarterstaff      |       |       |       |    70 ||    70
Throw: Javelin           |       |       |    49 |    25 ||    74
       Stone             |       |       |    22 |     1 ||    23
 Cast: Magic Dart        |    72 |    69 |       |       ||   141
       Searing Ray       |     5 |     4 |     4 |       ||    13
       Iskenderun's Myst |       |     6 |    51 |    83 ||   140
       Fulminant Prism   |       |     6 |    39 |    39 ||    84
       Force Lance       |       |       |    12 |    30 ||    42
       Lightning Bolt    |       |       |     2 |     9 ||    11
       Venom Bolt        |       |       |       |    16 ||    16
       Mephitic Cloud    |       |       |       |     2 ||     2
Evoke: Wand              |       |       |       |     8 ||     8
  Use: Potion            |     4 |     3 |     3 |     3 ||    13
       Scroll            |       |     7 |    13 |     7 ||    27
 Stab: Petrified         |       |       |       |     3 ||     3
       Sleeping          |       |       |       |     1 ||     1
  Eat: Chunk             |     3 |     6 |     7 |    11 ||    27
       Meat ration       |       |     1 |     1 |     3 ||     5
       Royal jelly       |       |       |     1 |       ||     1
       Bread ration      |       |       |     1 |     1 ||     2
       Fruit             |       |       |       |     4 ||     4
Armor: Robe              |    13 |     2 |    32 |    19 ||    66
Dodge: Dodged            |    57 |    14 |    64 |    79 ||   214
